Workbook

Sheet 全市
B3: 指标 | C3: 浉河区 | G3: 平桥区 | K3: 罗山县 | O3: 光山县 | S3: 新县 | W3: 商城县 | AA3: 固始县 | AE3: 潢川县 | AI3: 淮滨县 | AM3: 息县
C4: 20年差额 | D4: 21年差额 | E4: 20年差率% | F4: 21年差率% | G4: 20年差额 | H4: 21年差额 | I4: 20年差率% | J4: 21年差率% | K4: 20年差额 | L4: 21年差额 | M4: 20年差率% | N4: 21年差率% | O4: 20年差额 | P4: 21年差额 | Q4: 20年差率% | R4: 21年差率% | S4: 20年差额 | T4: 21年差额 | U4: 20年差率% | V4: 21年差率% | W4: 20年差额 | X4: 21年差额 | Y4: 20年差率% | Z4: 21年差率% | AA4: 20年差额 | AB4: 21年差额 | AC4: 20年差率% | AD4: 21年差率% | AE4: 20年差额 | AF4: 21年差额 | AG4: 20年差率% | AH4: 21年差率% | AI4: 20年差额 | AJ4: 21年差额 | AK4: 20年差率% | AL4: 21年差率% | AM4: 20年差额 | AN4: 21年差额 | AO4: 20年差率% | AP4: 21年差率%
A5: 工业 | B5: 营业收入（千元） | C5: =[1]工业!K5 -> -366 | D5: =[1]工业!L5 -> 120 | E5: =[1]工业!M5 -> -0.48498662 | F5: =[1]工业!N5 -> 0.64861359 | G5: =[1]工业!K16 -> -257 | H5: =[1]工业!L16 -> 533 | I5: =[1]工业!M16 -> -0.057439666 | J5: =[1]工业!N16 -> 0.13644905 | K5: =[1]工业!K22 -> -5892 | L5: =[1]工业!L22 -> 5240 | M5: =[1]工业!M22 -> -1.2498754 | N5: =[1]工业!N22 -> 1.3044723 | O5: =[1]工业!K27 -> 68 | P5: =[1]工业!L27 -> 84 | Q5: =[1]工业!M27 -> 0.041366556 | R5: =[1]工业!N27 -> 0.076209831 | S5: =[1]工业!K31 -> 0 | T5: =[1]工业!L31 -> 0 | U5: =[1]工业!M31 -> 0 | V5: =[1]工业!N31 -> 0 | W5: =[1]工业!K35 -> -1014 | X5: =[1]工业!L35 -> -1008 | Y5: =[1]工业!M35 -> -0.19275258 | Z5: =[1]工业!N35 -> -0.17484246 | AA5: =[1]工业!K42 -> 1602 | AB5: =[1]工业!L42 -> -269.9 | AC5: =[1]工业!M42 -> 0.28393482 | AD5: =[1]工业!N42 -> -0.059832863 | AE5: =[1]工业!K48 -> 5215 | AF5: =[1]工业!L48 -> 1258 | AG5: =[1]工业!M48 -> 1.862214 | AH5: =[1]工业!N48 -> 0.63521879 | AI5: =[1]工业!K52 -> -894 | AJ5: =[1]工业!L52 -> -42 | AK5: =[1]工业!M52 -> -0.24665675 | AL5: =[1]工业!N52 -> -0.014778429 | AM5: =[1]工业!K57 -> 12194 | AN5: =[1]工业!L57 -> 16806 | AO5: =[1]工业!M57 -> 3.6989177 | AP5: =[1]工业!N57 -> 5.255784
A6: 批发零售业 | B6: 营业收入（千元） | C6: =[1]批零!K6 -> -1 | D6: =[1]批零!L6 -> -1 | E6: =[1]批零!M6 -> -0.00040261053 | F6: =[1]批零!N6 -> -0.0004917799 | G6: =[1]批零!K13 -> 39743 | H6: =[1]批零!L13 -> 3352 | I6: =[1]批零!M13 -> 26.739735 | J6: =[1]批零!N13 -> 4.3148058 | K6: =[1]批零!K16 -> -2120 | L6: =[1]批零!L16 -> -3663 | M6: =[1]批零!M16 -> -1.9186389 | N6: =[1]批零!N16 -> -4.1483109 | O6: =[1]批零!K20 -> 0 | P6: =[1]批零!L20 -> 0 | Q6: =[1]批零!M20 -> 0 | R6: =[1]批零!N20 -> 0 | S6: =[1]批零!K23 -> 0 | T6: =[1]批零!L23 -> 0 | U6: =[1]批零!M23 -> 0 | V6: =[1]批零!N23 -> 0 | W6: =[1]批零!K26 -> 0 | X6: =[1]批零!L26 -> 0 | Y6: =[1]批零!M26 -> 0 | Z6: =[1]批零!N26 -> 0 | AA6: =[1]批零!K34 -> -234 | AB6: =[1]批零!L34 -> -1 | AC6: =[1]批零!M34 -> -0.2037316 | AD6: =[1]批零!N34 -> -0.00049232466 | AE6: =[1]批零!K36 -> 1194 | AF6: =[1]批零!L36 -> 1045 | AG6: =[1]批零!M36 -> 3.3952285 | AH6: =[1]批零!N36 -> 3.3680343 | AI6: =[1]批零!K39 -> 0 | AJ6: =[1]批零!L39 -> 0 | AK6: =[1]批零!M39 -> 0 | AL6: =[1]批零!N39 -> 0 | AM6: =[1]批零!K41 -> 31 | AN6: =[1]批零!L41 -> 237 | AO6: =[1]批零!M41 -> 0.35485348 | AP6: =[1]批零!N41 -> 3.5225922
A7: 住宿餐饮业 | B7: 营业收入（千元） | C7: =[1]住餐!K2 -> 0 | D7: =[1]住餐!L2 -> 2 | E7: =[1]住餐!M2 -> 0 | F7: =[1]住餐!N2 -> 0.12515645 | K7: =[1]住餐!K3 -> 0 | L7: =[1]住餐!L3 -> 0 | M7: =[1]住餐!M3 -> 0 | N7: =[1]住餐!N3 -> 0 | O7: =[1]住餐!K4 -> 0 | P7: =[1]住餐!L4 -> 0 | Q7: =[1]住餐!M4 -> 0 | R7: =[1]住餐!N4 -> 0 | S7: =[1]住餐!K5 -> 0 | T7: =[1]住餐!L5 -> 0 | U7: =[1]住餐!M5 -> 0 | V7: =[1]住餐!N5 -> 0 | W7: =[1]住餐!K6 -> 0 | X7: =[1]住餐!L6 -> 0 | Y7: =[1]住餐!M6 -> 0 | Z7: =[1]住餐!N6 -> 0 | AA7: =[1]住餐!K9 -> -735 | AB7: =[1]住餐!L9 -> 0 | AC7: =[1]住餐!M9 -> -3.7313433 | AD7: =[1]住餐!N9 -> 0 | AE7: =[1]住餐!K10 -> 1 | AF7: =[1]住餐!L10 -> 24 | AG7: =[1]住餐!M10 -> 0.020973154 | AH7: =[1]住餐!N10 -> 0.6150692 | AI7: =[1]住餐!K11 -> 0 | AJ7: =[1]住餐!L11 -> 0 | AK7: =[1]住餐!M11 -> 0 | AL7: =[1]住餐!N11 -> 0 | AM7: =[1]住餐!K12 -> 12 | AN7: =[1]住餐!L12 -> -152 | AO7: =[1]住餐!M12 -> 0.22645782 | AP7: =[1]住餐!N12 -> -2.9163469
A8: 服务业 | B8: 营业收入（千元） | C8: =[1]服务!K9 -> -1021 | D8: =[1]服务!L9 -> 1034 | E8: =[1]服务!M9 -> -0.82173038 | F8: =[1]服务!N9 -> 1.4040329 | G8: =[1]服务!K14 -> 707 | H8: =[1]服务!L14 -> 244 | I8: =[1]服务!M14 -> 0.39873892 | J8: =[1]服务!N14 -> 0.28053393 | O8: =[1]服务!K17 -> 0 | P8: =[1]服务!L17 -> 0 | Q8: =[1]服务!M17 -> 0 | R8: =[1]服务!N17 -> 0 | S8: =[1]服务!K20 -> 0 | T8: =[1]服务!L20 -> 0 | U8: =[1]服务!M20 -> 0 | V8: =[1]服务!N20 -> 0 | W8: =[1]服务!K22 -> 0 | X8: =[1]服务!L22 -> 0 | Y8: =[1]服务!M22 -> 0 | Z8: =[1]服务!N22 -> 0 | AA8: =[1]服务!K29 -> -342 | AB8: =[1]服务!L29 -> -5749 | AC8: =[1]服务!M29 -> -0.44744485 | AD8: =[1]服务!N29 -> -8.3582914 | AE8: =[1]服务!K36 -> 214 | AF8: =[1]服务!L36 -> 230 | AG8: =[1]服务!M36 -> 0.073853714 | AH8: =[1]服务!N36 -> 0.085750184 | AI8: =[1]服务!K38 -> 0 | AJ8: =[1]服务!L38 -> 0 | AK8: =[1]服务!M38 -> 0 | AL8: =[1]服务!N38 -> 0 | AM8: =[1]服务!K40 -> 0 | AN8: =[1]服务!L40 -> 0 | AO8: =[1]服务!M40 -> 0 | AP8: =[1]服务!N40 -> 0
A9: 固定资产投资 | B9: 本年完成投资额（万元） | C9: =[1]固投!K5 -> 1164 | D9: =[1]固投!L5 -> -1380 | E9: =[1]固投!M5 -> 1.8447202 | F9: =[1]固投!N5 -> -2.1966477 | G9: =[1]固投!K14 -> 1117 | H9: =[1]固投!L14 -> 235 | I9: =[1]固投!M14 -> 1.3100027 | J9: =[1]固投!N14 -> 0.31950185 | K9: =[1]固投!K18 -> -160 | L9: =[1]固投!L18 -> -586 | M9: =[1]固投!M18 -> -0.4501463 | N9: =[1]固投!N18 -> -2.7845094 | O9: =[1]固投!K23 -> 13.52 | P9: =[1]固投!L23 -> 244.61 | Q9: =[1]固投!M23 -> 0.035838798 | R9: =[1]固投!N23 -> 0.81600887 | S9: =[1]固投!K28 -> -860 | T9: =[1]固投!L28 -> 12 | U9: =[1]固投!M28 -> -1.3229141 | V9: =[1]固投!N28 -> 0.21711598 | W9: =[1]固投!K33 -> 19 | X9: =[1]固投!L33 -> 86 | Y9: =[1]固投!M33 -> 0.036339294 | Z9: =[1]固投!N33 -> 0.28441034 | AA9: =[1]固投!K38 -> -192 | AB9: =[1]固投!L38 -> 206 | AC9: =[1]固投!M38 -> -0.36733054 | AD9: =[1]固投!N38 -> 0.56447635 | AE9: =[1]固投!K42 -> 332 | AF9: =[1]固投!L42 -> 243 | AG9: =[1]固投!M42 -> 1.1694259 | AH9: =[1]固投!N42 -> 0.47114937 | AI9: =[1]固投!K47 -> 0 | AJ9: =[1]固投!L47 -> 0 | AK9: =[1]固投!M47 -> 0 | AL9: =[1]固投!N47 -> 0 | AM9: =[1]固投!K51 -> -68 | AN9: =[1]固投!L51 -> -933 | AO9: =[1]固投!M51 -> -0.13729053 | AP9: =[1]固投!N51 -> -5.4178038
A10: 房地产 | B10: 商品房销售面积（平方米） | C10: =[1]地产!K2 -> 258.41 | D10: =[1]地产!L2 -> -6524 | E10: =[1]地产!M2 -> 2.6882453 | F10: =[1]地产!N2 -> -6.1176647 | G10: =[1]地产!K5 -> -43 | H10: =[1]地产!L5 -> 40.2 | I10: =[1]地产!M5 -> -0.3813409 | J10: =[1]地产!N5 -> 0.12859144 | O10: =[1]地产!K6 -> 40.2 | P10: =[1]地产!L6 -> 0 | Q10: =[1]地产!M6 -> 0.12859144 | R10: =[1]地产!N6 -> 0 | W10: =[1]地产!K7 -> 0 | X10: =[1]地产!L7 -> 18 | Y10: =[1]地产!M7 -> 0 | Z10: =[1]地产!N7 -> 0.51993068 | AA10: =[1]地产!K8 -> 949 | AB10: =[1]地产!L8 -> 1011 | AC10: =[1]地产!M8 -> 2.7074834 | AD10: =[1]地产!N8 -> 3.3051097 | AI10: =[1]地产!K9 -> 0 | AJ10: =[1]地产!L9 -> 0 | AK10: =[1]地产!M9 -> 0 | AL10: =[1]地产!N9 -> 0 | AM10: =[1]地产!K10 -> -946.75 | AN10: =[1]地产!L10 -> -713.71 | AO10: =[1]地产!M10 -> -7.9607324 | AP10: =[1]地产!N10 -> -7.042929
A11: 建筑业 | B11: 总产值（千元） | C11: =[1]建筑!K2 -> 90 | D11: =[1]建筑!L2 -> -75 | E11: =[1]建筑!M2 -> 1.4492754 | F11: =[1]建筑!N2 -> -3.7974684 | G11: =[1]建筑!K3 -> -382 | H11: =[1]建筑!L3 -> -103 | I11: =[1]建筑!M3 -> -0.3270772 | J11: =[1]建筑!N3 -> -0.16395269 | W11: =[1]建筑!K4 -> 5 | X11: =[1]建筑!L4 -> -2 | Y11: =[1]建筑!M4 -> 0.0025301083 | Z11: =[1]建筑!N4 -> -0.0013269639 | AA11: =[1]建筑!K5 -> 0 | AB11: =[1]建筑!L5 -> 0 | AC11: =[1]建筑!M5 -> 0 | AD11: =[1]建筑!N5 -> 0 | AE11: =[1]建筑!K6 -> 0 | AF11: =[1]建筑!L6 -> 0 | AG11: =[1]建筑!M6 -> 0 | AH11: =[1]建筑!N6 -> 0
A12: 劳动工资 | B12: 从业人员期末人数（人） | C12: =[1]劳资!K2 -> -15 | D12: =[1]劳资!L2 -> -33 | E12: =[1]劳资!M2 -> -5.8365759 | F12: =[1]劳资!N2 -> -0.35664109 | G12: =[1]劳资!K4 -> 0 | H12: =[1]劳资!L4 -> 0 | I12: =[1]劳资!M4 -> 0 | J12: =[1]劳资!N4 -> 0 | K12: =[1]劳资!K6 -> 0 | L12: =[1]劳资!L6 -> 0 | M12: =[1]劳资!M6 -> 0 | N12: =[1]劳资!N6 -> 0 | O12: =[1]劳资!K8 -> 0 | P12: =[1]劳资!L8 -> 0 | Q12: =[1]劳资!M8 -> 0 | R12: =[1]劳资!N8 -> 0 | W12: =[1]劳资!K10 -> 0 | X12: =[1]劳资!L10 -> 1 | Y12: =[1]劳资!M10 -> 0 | Z12: =[1]劳资!N10 -> 1.9607843 | AA12: =[1]劳资!K12+[1]劳资!K14 -> 0 | AB12: =[1]劳资!L12+[1]劳资!L14 -> 0 | AC12: =[1]劳资!M12+[1]劳资!M14 -> 0 | AD12: =[1]劳资!N12+[1]劳资!N14 -> 0 | AE12: =[1]劳资!K16 -> 0 | AF12: =[1]劳资!L16 -> 0 | AG12: =[1]劳资!M16 -> 0 | AH12: =[1]劳资!N16 -> 0 | AI12: =[1]劳资!K18 -> 0 | AJ12: =[1]劳资!L18 -> 0 | AK12: =[1]劳资!M18 -> 0 | AL12: =[1]劳资!N18 -> 0 | AM12: =[1]劳资!K20 -> 0 | AN12: =[1]劳资!L20 -> 0 | AO12: =[1]劳资!M20 -> 0 | AP12: =[1]劳资!N20 -> 0
B13: 从业人员工资总额（千元） | C13: =[1]劳资!K3 -> 0 | D13: =[1]劳资!L3 -> -33 | E13: =[1]劳资!M3 -> 0 | F13: =[1]劳资!N3 -> -0.35664109 | G13: =[1]劳资!K5 -> 0 | H13: =[1]劳资!L5 -> 0 | I13: =[1]劳资!M5 -> 0 | J13: =[1]劳资!N5 -> 0 | K13: =[1]劳资!K7 -> 0 | L13: =[1]劳资!L7 -> 0 | M13: =[1]劳资!M7 -> 0 | N13: =[1]劳资!N7 -> 0 | O13: =[1]劳资!K9 -> 0 | P13: =[1]劳资!L9 -> 0 | Q13: =[1]劳资!M9 -> 0 | R13: =[1]劳资!N9 -> 0 | W13: =[1]劳资!K11 -> 0 | X13: =[1]劳资!L11 -> 0 | Y13: =[1]劳资!M11 -> 0 | Z13: =[1]劳资!N11 -> 0 | AA13: =[1]劳资!K13+[1]劳资!K15 -> 0 | AB13: =[1]劳资!L13+[1]劳资!L15 -> 0 | AC13: =[1]劳资!M13+[1]劳资!M15 -> 0 | AD13: =[1]劳资!N13+[1]劳资!N15 -> 0 | AE13: =[1]劳资!K17 -> 0 | AF13: =[1]劳资!L17 -> 0 | AG13: =[1]劳资!M17 -> 0 | AH13: =[1]劳资!N17 -> 0 | AI13: =[1]劳资!K19 -> -156 | AJ13: =[1]劳资!L19 -> 21 | AK13: =[1]劳资!M19 -> -0.99016185 | AL13: =[1]劳资!N19 -> 0.21118262 | AM13: =[1]劳资!K21 -> -2 | AN13: =[1]劳资!L21 -> 0 | AO13: =[1]劳资!M21 -> -0.132714 | AP13: =[1]劳资!N21 -> 0
A14: 能源 | B14: 工业生产电力消费量（万千瓦时） | G14: =[1]能源!K2+[1]能源!K3 -> 24.84 | H14: =[1]能源!L2+[1]能源!L3 -> 22.87 | I14: =[1]能源!M2+[1]能源!M3 -> #DIV/0! | J14: =[1]能源!N2+[1]能源!N3 -> #DIV/0! | K14: =[1]能源!K4 -> -0.2 | L14: =[1]能源!L4 -> -0.1 | M14: =[1]能源!M4 -> -0.28011204 | N14: =[1]能源!N4 -> -0.21598272 | O14: =[1]能源!K5 -> 0 | P14: =[1]能源!L5 -> 0 | Q14: =[1]能源!M5 -> 0 | R14: =[1]能源!N5 -> 0 | W14: =[1]能源!K6 -> 0 | X14: =[1]能源!L6 -> 0 | Y14: =[1]能源!M6 -> 0 | Z14: =[1]能源!N6 -> 0 | AA14: =[1]能源!K7+[1]能源!K8 -> 0 | AB14: =[1]能源!L7+[1]能源!L8 -> 0 | AC14: =[1]能源!M7+[1]能源!M8 -> 0 | AD14: =[1]能源!N7+[1]能源!N8 -> 0 | AE14: =[1]能源!K9 -> -2 | AF14: =[1]能源!L9 -> 0 | AG14: =[1]能源!M9 -> -1.4184397 | AH14: =[1]能源!N9 -> 0 | AI14: =[1]能源!K10 -> 0 | AJ14: =[1]能源!L10 -> 0 | AK14: =[1]能源!M10 -> 0 | AL14: =[1]能源!N10 -> 0 | AM14: =[1]能源!K11 -> -12.37 | AN14: =[1]能源!L11 -> 0 | AO14: =[1]能源!M11 -> -78.142767 | AP14: =[1]能源!N11 -> 0
A15: 科技研发 | B15: 研发人员（人） | C15: =[1]研发!K2 -> 0 | E15: =[1]研发!M2 -> 0 | G15: =[1]研发!K9 -> 1 | I15: =[1]研发!M9 -> 0.24630542 | K15: =[1]研发!K10 -> 1 | M15: =[1]研发!M10 -> 5.8823529 | O15: =[1]研发!K14 -> 0 | Q15: =[1]研发!M14 -> 0 | S15: =[1]研发!K15 -> 0 | U15: =[1]研发!M15 -> 0 | W15: =[1]研发!K17 -> 0 | Y15: =[1]研发!M17 -> 0 | AA15: =[1]研发!K23 -> 0 | AC15: =[1]研发!M23 -> 0 | AE15: =[1]研发!K26 -> 0 | AG15: =[1]研发!M26 -> 0 | AI15: =[1]研发!K27 -> 0 | AK15: =[1]研发!M27 -> 0 | AM15: =[1]研发!K28 -> 0 | AO15: =[1]研发!M28 -> 0
B16: 研发费用（千元） | D16: =[1]研发!L2 -> 0 | F16: =[1]研发!N2 -> 0 | H16: =[1]研发!L9 -> 88 | J16: =[1]研发!N9 -> 0.11449537 | L16: =[1]研发!L10 -> 13 | N16: =[1]研发!N10 -> 0.26162206 | P16: =[1]研发!L14 -> 0 | R16: =[1]研发!N14 -> 0 | T16: =[1]研发!L15 -> 0 | V16: =[1]研发!N15 -> 0 | X16: =[1]研发!L17 -> -52 | Z16: =[1]研发!N17 -> -1.6768784 | AB16: =[1]研发!L23 -> -50 | AD16: =[1]研发!N23 -> -0.45475216 | AF16: =[1]研发!L26 -> -3 | AH16: =[1]研发!N26 -> -0.062305296 | AJ16: =[1]研发!L27 -> 0 | AL16: =[1]研发!N27 -> 0 | AN16: =[1]研发!L28 -> 0 | AP16: =[1]研发!N28 -> 0

Sheet Sheet2
A1: 2023年统计执法“双随机、一公开”抽查范围
A3: 检查专业 | B3: 检查指标
A5: 工业 | B5: 营业收入（千元）
A6: 批发零售业 | B6: 营业收入（千元）
A7: 住宿餐饮业 | B7: 营业收入（千元）
A8: 服务业 | B8: 营业收入（千元）
A9: 固定资产投资 | B9: 本年完成投资额（万元）
A10: 房地产 | B10: 商品房销售面积（平方米）
A11: 建筑业 | B11: 总产值（千元）
A12: 劳动工资 | B12: 从业人员期末人数（人）
B13: 从业人员工资总额（千元）
A14: 能源 | B14: 工业生产电力消费量（万千瓦时）
A15: 科技研发 | B15: 研发人员（人）
B16: 研发费用（千元）

Sheet Sheet4
A1: 信阳市分行业检查情况
B3: 指标 | C3: 信阳市
C4: 20年差额 | D4: 21年差额 | E4: 20年差率% | F4: 21年差率%
A5: 工业 | B5: 营业收入（千元） | C5: =[1]工业!K58 -> 10656 | D5: =[1]工业!L58 -> 22721.1 | E5: =[1]工业!M58 -> 0.30715918 | F5: =[1]工业!N58 -> 0.74551876
A6: 批发零售业 | B6: 营业收入（千元） | C6: =[1]批零!K42 -> 38613 | D6: =[1]批零!L42 -> 969 | E6: =[1]批零!M42 -> 4.8303625 | F6: =[1]批零!N42 -> 0.13221864
A7: 住宿餐饮业 | B7: 营业收入（千元） | C7: =[1]住餐!K13 -> -722 | D7: =[1]住餐!L13 -> -126 | E7: =[1]住餐!M13 -> -1.3783361 | F7: =[1]住餐!N13 -> -0.28179724
A8: 服务业 | B8: 营业收入（千元） | C8: =[1]服务!K41 -> -442 | D8: =[1]服务!L41 -> -4241 | E8: =[1]服务!M41 -> -0.052075356 | F8: =[1]服务!N41 -> -0.6584412
A9: 固定资产投资 | B9: 本年完成投资额（万元） | C9: =[1]固投!K52 -> 1365.52 | D9: =[1]固投!L52 -> -1872.39 | E9: =[1]固投!M52 -> 0.26120932 | F9: =[1]固投!N52 -> -0.52489893
A10: 房地产 | B10: 商品房销售面积（平方米） | C10: =[1]地产!K11 -> 260.66 | D10: =[1]地产!L11 -> -6168.51 | E10: =[1]地产!M11 -> 0.1519969 | F10: =[1]地产!N11 -> -2.1951016
A11: 建筑业 | B11: 总产值（千元） | C11: =[1]建筑!K7 -> -287 | D11: =[1]建筑!L7 -> -180 | E11: =[1]建筑!M7 -> -0.037655048 | F11: =[1]建筑!N7 -> -0.036531534
A12: 劳动工资 | B12: 从业人员期末人数（人） | C12: =[1]劳资!K22 -> -15 | D12: =[1]劳资!L22 -> -32 | E12: =[1]劳资!M22 -> -0.80385852 | F12: =[1]劳资!N22 -> -0.1656229
B13: 从业人员工资总额（千元） | C13: =[1]劳资!K23 -> 0 | D13: =[1]劳资!L23 -> 0 | E13: =[1]劳资!M23 -> 0 | F13: =[1]劳资!N23 -> 0
A14: 能源 | B14: 工业生产电力消费量（万千瓦时） | C14: =[1]能源!K12 -> 10.27 | D14: =[1]能源!L12 -> 22.77 | E14: =[1]能源!M12 -> 0.026502145 | F14: =[1]能源!N12 -> 0.083853443
A15: 科技研发 | B15: 研发人员（人） | C15: =[1]研发!$F$29-[1]研发!$G$29 -> 2 | E15: =[1]研发!$K$29/[1]研发!$G$29*100 -> 0.3021148
B16: 研发费用（千元） | C16: =[1]研发!$I$29-[1]研发!$J$29 -> -4 | E16: =[1]研发!$L$29/[1]研发!$J$29*100 -> -0.0026250509

Sheet 02
A1: 浉河区分专业情况
B3: 指标 | C3: 2020年 | E3: 2021年1-9月
C4: 总量 | D4: 差率 | E4: 总量 | F4: 差率
A5: 工业 | B5: 营业收入（千元） | C5: =[1]工业!$K$5 -> -366 | D5: =[1]工业!$M$5 -> -0.48498662 | E5: =[1]工业!$L$5 -> 120 | F5: =[1]工业!$N$5 -> 0.64861359
A6: 批发零售业 | B6: 营业收入（千元） | C6: =[1]批零!$K$6 -> -1 | D6: =[1]批零!$M$6 -> -0.00040261053 | E6: =[1]批零!$L$6 -> -1 | F6: =[1]批零!$N$6 -> -0.0004917799
A7: 住宿餐饮业 | B7: 营业收入（千元） | C7: =[1]住餐!$K$2 -> 0 | D7: =[1]住餐!$M$2 -> 0 | E7: =[1]住餐!$L$2 -> 2 | F7: =[1]住餐!$N$2 -> 0.12515645
A8: 服务业 | B8: 营业收入（千元） | C8: =[1]服务!$K$9 -> -1021 | D8: =[1]服务!$M$9 -> -0.82173038 | E8: =[1]服务!$L$9 -> 1034 | F8: =[1]服务!$N$9 -> 1.4040329
A9: 固定资产投资 | B9: 本年完成投资额（万元） | C9: =[1]固投!$K$5 -> 1164 | D9: =[1]固投!$M$5 -> 1.8447202 | E9: =[1]固投!$L$5 -> -1380 | F9: =[1]固投!$N$5 -> -2.1966477
A10: 房地产 | B10: 商品房销售面积（平方米） | C10: =[1]地产!$K$2 -> 258.41 | D10: =[1]地产!$M$2 -> 2.6882453 | E10: =[1]地产!$L$2 -> -6524 | F10: =[1]地产!$N$2 -> -6.1176647
A11: 建筑业 | B11: 总产值（千元） | C11: =[1]建筑!$K$2 -> 90 | D11: =[1]建筑!$M$2 -> 1.4492754 | E11: =[1]建筑!$L$2 -> -75 | F11: =[1]建筑!$N$2 -> -3.7974684
A12: 劳动工资 | B12: 从业人员期末人数（人） | C12: =[1]劳资!$K$22 -> -15 | D12: =[1]劳资!$M$22 -> -0.80385852 | E12: =[1]劳资!$L$22 -> -32 | F12: =[1]劳资!$N$22 -> -0.1656229
B13: 从业人员工资总额（千元） | C13: =[1]劳资!$K$3 -> 0 | D13: =[1]劳资!$M$3 -> 0 | E13: =[1]劳资!$L$3 -> -33 | F13: =[1]劳资!$N$3 -> -0.35664109
A14: 能源 | B14: 工业生产电力消费量（万千瓦时）
A15: 科技研发 | B15: 研发人员（人） | C15: =[1]研发!$K$2 -> 0 | D15: =[1]研发!$M$2 -> 0
B16: 研发费用（千元） | C16: =[1]研发!$L$2 -> 0 | D16: =[1]研发!$N$2 -> 0

Sheet 03
A1: 平桥区分专业情况
B3: 2020年 | D3: 2021年1-9月
B4: 总量 | C4: 差率 | D4: 总量 | E4: 差率
A5: 工业
A6: 批发零售业
A7: 住宿餐饮业
A8: 服务业
A9: 固定资产投资
A10: 房地产
A11: 建筑业
A12: 劳动工资
A13: 能源
A14: 科技研发

Sheet 21
A1: 罗山县分专业情况
B3: 2020年 | D3: 2021年1-9月
B4: 总量 | C4: 差率 | D4: 总量 | E4: 差率
A5: 工业
A6: 批发零售业
A7: 住宿餐饮业
A8: 服务业
A9: 固定资产投资
A10: 房地产
A11: 建筑业
A12: 劳动工资
A13: 能源
A14: 科技研发

Sheet 22
A1: 光山县分专业情况
B3: 2020年 | D3: 2021年1-9月
B4: 总量 | C4: 差率 | D4: 总量 | E4: 差率
A5: 工业
A6: 批发零售业
A7: 住宿餐饮业
A8: 服务业
A9: 固定资产投资
A10: 房地产
A11: 建筑业
A12: 劳动工资
A13: 能源
A14: 科技研发

Sheet 23
A1: 新县分专业情况
B3: 2020年 | D3: 2021年1-9月
B4: 总量 | C4: 差率 | D4: 总量 | E4: 差率
A5: 工业
A6: 批发零售业
A7: 住宿餐饮业
A8: 服务业
A9: 固定资产投资
A10: 房地产
A11: 建筑业
A12: 劳动工资
A13: 能源
A14: 科技研发

Sheet 24
A1: 商城县分专业情况
B3: 2020年 | D3: 2021年1-9月
B4: 总量 | C4: 差率 | D4: 总量 | E4: 差率
A5: 工业
A6: 批发零售业
A7: 住宿餐饮业
A8: 服务业
A9: 固定资产投资
A10: 房地产
A11: 建筑业
A12: 劳动工资
A13: 能源
A14: 科技研发

Sheet 25
A1: 固始县分专业情况
B3: 2020年 | D3: 2021年1-9月
B4: 总量 | C4: 差率 | D4: 总量 | E4: 差率
A5: 工业
A6: 批发零售业
A7: 住宿餐饮业
A8: 服务业
A9: 固定资产投资
A10: 房地产
A11: 建筑业
A12: 劳动工资
A13: 能源
A14: 科技研发

Sheet 26
A1: 潢川县分专业情况
B3: 2020年 | D3: 2021年1-9月
B4: 总量 | C4: 差率 | D4: 总量 | E4: 差率
A5: 工业
A6: 批发零售业
A7: 住宿餐饮业
A8: 服务业
A9: 固定资产投资
A10: 房地产
A11: 建筑业
A12: 劳动工资
A13: 能源
A14: 科技研发

Sheet 27
A1: 淮滨县分专业情况
B3: 2020年 | D3: 2021年1-9月
B4: 总量 | C4: 差率 | D4: 总量 | E4: 差率
A5: 工业
A6: 批发零售业
A7: 住宿餐饮业
A8: 服务业
A9: 固定资产投资
A10: 房地产
A11: 建筑业
A12: 劳动工资
A13: 能源
A14: 科技研发

Sheet 28
A1: 息县分专业情况
B3: 2020年 | D3: 2021年1-9月
B4: 总量 | C4: 差率 | D4: 总量 | E4: 差率
A5: 工业
A6: 批发零售业
A7: 住宿餐饮业
A8: 服务业
A9: 固定资产投资
A10: 房地产
A11: 建筑业
A12: 劳动工资
A13: 能源
A14: 科技研发
